 Dungeon Crawl Stone Soup version 0.28-a0-1080-g05a166d0ed (webtiles) character file.

Game seed: 14980590467621708503

652444 ragingrage the Slayer (level 27, -1/137 HPs)
             Began as a Gargoyle Warper on Dec 10, 2021.
             Was a High Priest of Okawaru.
             Blown up by a cacodemon (9 damage)
             ... with a bolt of energy
             ... on level 7 of the Dungeon.
             The game lasted 02:49:40 (99763 turns).

ragingrage the Slayer (Gargoyle Warper)            Turns: 99763, Time: 02:49:40

Health: -1/137     AC: 60    Str: 16    XL:     27
Magic:  0/41       EV:  6    Int: 28    God:    Okawaru [*****.]
Gold:   4397       SH: 24    Dex: 11    Spells: 28/30 levels left

rFire   + + .      SeeInvis +   a - +9 eveningstar (spect)
rCold   + + .      Faith    .   x - +6 kite shield "Pous Qaph" {Int+6}
rNeg    + . .      Spirit   +   f - +9 gold dragon scales
rPois   ∞          Reflect  .   s - +2 helmet
rElec   +          Harm     .   F - +2 cloak {Will+}
rCorr   +          Rampage  +   U - +0 pair of gloves of the Yeti {Will++ MP+9 Int+4}
Will    +++++      Rage     9%  G - +2 pair of boots {Stlth+}
Stlth   ..........              w - amulet "Fos Qit" {Spirit Rampage Drain rC+ Int+3}
HPRegen 0.32/turn               o - +4 ring of slaying
MPRegen 0.27/turn               v - ring of Hutes {rCorr SInv}

@: magic-sapped, on berserk cooldown, flying, slowed, studying 2 skills, very
slow
A: sickness immunity, AC +20, big wings, negative energy resistance 1,
electricity resistance, torment resistance 1, petrification resistance, large
bone plates 1, berserk 3, clumsy 2, deformed body, deterioration 1, dopey 1,
fire resistance 1, frail 3, low mp 1, screaming 1, weak 2, subdued magic 1,
noise suppression
0: Orb of Zot
}: 4/15 runes: decaying, silver, abyssal, gossamer
a: Renounce Religion, Heroism, Finesse, Duel


You were on level 7 of the Dungeon.
You worshipped Okawaru.
Okawaru was extremely pleased with you.
You visited 12 branches of the dungeon, and saw 55 of its levels.
You visited the Abyss 2 times.
You visited 1 bazaar.
You also visited: Trove, Gauntlet, Ice Cave and Desolation.

You collected 8570 gold pieces.
You spent 4173 gold pieces at shops.

Inventory:

Hand Weapons
 a - a +9 spectral eveningstar (weapon)
 b - the +9 hand crossbow "Tusicwau" {penet, Int+3}
   (Okawaru gifted it to you on level 5 of the Realm of Zot)

   Any ammunition fired by it passes through the targets it hits, potentially
   hitting all targets in its path until it reaches maximum range.
   Int:       It affects your intelligence (+3).
 d - the +4 morningstar "Moall" {spect, Str+4 Stlth+}
   (You found it in a treasure trove)

   When its wielder attacks, the weapon's spirit leaps out and strikes again.
   The spirit shares a part of any damage it takes with its wielder.
   Str:       It affects your strength (+4).
   Stlth:     It makes you more stealthy.
 i - a +2 demon whip of draining
 l - a +1 antimagic war axe
 Z - a +9 broad axe of venom
Missiles
 e - 10 silver javelins (quivered)
 z - 5 curare-tipped darts
 H - 5 throwing nets
 N - 2017 bolts
Armour
 f - +9 gold dragon scales (worn)
 k - the +2 cloak "Esecoll" {Str+2 Dex+4}
   (You found it in the Desolation of Salt)

   Str:       It affects your strength (+2).
   Dex:       It affects your dexterity (+4).
 s - a +2 helmet (worn)
 x - the +6 kite shield "Pous Qaph" (worn) {Int+6}
   (Okawaru gifted it to you on level 1 of the Lair of Beasts)

   Int:       It affects your intelligence (+6).
 F - a +2 cloak of willpower (worn)
 G - a +2 pair of boots of stealth (worn)
 U - the +0 pair of gloves of the Yeti (worn) {Will++ MP+9 Int+4}
   (You acquired it on level 5 of the Lair of Beasts)

   Int:       It affects your intelligence (+4).
   MP:        It affects your magic capacity (+9).
   Will:      It greatly increases your willpower.
Jewellery
 o - a +4 ring of slaying (left hand)
 v - the ring of Hutes (right hand) {rCorr SInv}
   (You took it off a minotaur in a Gauntlet)

   [ring of see invisible]

   SInv:      It lets you see invisible.
   rCorr:     It protects you from acid and corrosion.
 w - the amulet "Fos Qit" (around neck) {Spirit Rampage Drain rC+ Int+3}
   (You found it in a Gauntlet)

   [amulet of guardian spirit]

   It causes incoming damage to be divided between your reserves of health and
   magic.
   Int:       It affects your intelligence (+3).
   rC:        It protects you from cold.
   Drain:     It drains your maximum health when unequipped.
   Rampage:   It bestows one free step when moving towards enemies.
Wands
 j - a wand of flame (108)
 I - a wand of digging (9)
 M - a wand of polymorph (1)
 R - a wand of acid (25)
 S - a wand of mindburst (11)
 T - a wand of iceblast (33)
 X - a wand of paralysis (52)
Scrolls
 g - 2 scrolls of holy word
 p - a scroll of amnesia
 r - 47 scrolls of identify
 t - 9 scrolls of immolation
 y - 4 scrolls of enchant weapon
 B - a scroll of magic mapping
 C - 9 scrolls of teleportation
 E - 15 scrolls of fog
 K - 2 scrolls of silence
 Q - 9 scrolls of fear
Potions
 h - a potion of haste
 n - 2 potions of resistance
 q - 6 potions of curing
 u - 4 potions of ambrosia
 A - 6 potions of attraction
 D - 2 potions of might
 J - 2 potions of cancellation
 P - a potion of berserk rage
 Y - 3 potions of invisibility
Miscellaneous
 m - a tin of tremorstones (1/2)
 O - a condenser vane
 V - a lightning rod (4/4)
 W - a phial of floods


   Skills:
 + Level 26.9 Fighting
 + Level 5.6(12.1) Axes
 + Level 18.0(18.3) Maces & Flails
 - Level 13.1 Crossbows
 + Level 10.7 Throwing
 - Level 20.0 Armour
 - Level 10.0 Dodging
 - Level 18.0 Stealth
 - Level 20.0 Shields
 - Level 2.0 Spellcasting
 - Level 4.9 Conjurations
 - Level 8.5 Translocations
 - Level 18.4 Invocations
 - Level 17.0 Evocations


You had 28 spell levels left.
You knew the following spells:

 Your Spells              Type           Power      Damage    Failure   Level
a - Blink                 Tloc           76%        N/A       19%         2

Your spell library contained the following spells:

 Spells                   Type           Power      Damage    Failure   Level
 Apportation              Tloc           76%        N/A       13%         1
 Gell's Gravitas          Tloc           38%        N/A       36%         3
 Lesser Beckoning         Tloc           38%        N/A       36%         3
 Teleport Other           Tloc           38%        N/A       36%         3
 Passage of Golubria      Tloc           38%        N/A       80%         4
 Foxfire                  Conj/Fire      48%        2x1d6     86%         1
 Portal Projectile        Hex/Tloc       40%        N/A       93%         3
 Static Discharge         Conj/Air       12%        N/A       94%         2
 Iskenderun's Mystic Bla  Conj/Tloc      31%        2d8       96%         4
 Manifold Assault         Tloc           38%        N/A       98%         5
 Beastly Appendage        Tmut           4%         N/A       99%         1
 Pain                     Necr           8%         1d4       99%         1
 Sandblast                Erth           4%         2d4       99%         1
 Slow                     Hex            8%         N/A       99%         1
 Sting                    Tmut/Pois      8%         1d3       99%         1
 Conjure Flame            Conj/Fire      12%        6-21      99%         3
 Stone Arrow              Conj/Erth      24%        3d8       99%         3
 Corpse Rot               Necr/Air       4%         N/A       100%        2
 Passwall                 Tmut/Erth      1%         N/A       100%        2
 Wereblood                Tmut           2%         N/A       100%        2
 Confusing Touch          Hex            2%         N/A       100%        3
 Frozen Ramparts          Ice            4%         1d2       100%        3
 Ignite Poison            Fire/Tmut/Pois 2%         N/A       100%        3
 Inner Flame              Hex/Fire       2%         N/A       100%        3
 Mephitic Cloud           Conj/Pois/Air  9%         N/A       100%        3
 Ozocubu's Armour         Ice            2%         N/A       100%        3
 Spider Form              Tmut/Pois      2%         N/A       100%        3
 Swiftness                Air            2%         N/A       100%        3
 Vampiric Draining        Necr           2%         2d6       100%        3
 Airstrike                Air            1%         N/A       100%        4
 Cause Fear               Hex            1%         N/A       100%        4
 Flame Wave               Conj/Fire      12%        2d5       100%        4
 Fulminant Prism          Conj/Hex       6%         3d7       100%        4
 Ice Form                 Ice/Tmut       2%         N/A       100%        4
 Leda's Liquefaction      Hex/Erth       1%         N/A       100%        4
 Petrify                  Tmut/Erth      2%         N/A       100%        4
 Agony                    Necr           2%         N/A       100%        5
 Blade Hands              Tmut           1%         N/A       100%        5
 Borgnjor's Vile Clutch   Necr/Erth      1%         N/A       100%        5
 Excruciating Wounds      Necr           1%         N/A       100%        5
 Freezing Cloud           Conj/Ice/Air   4%         6-21      100%        5
 Irradiate                Conj/Tmut      6%         3d15      100%        5
 Iskenderun's Battlesphe  Conj           23%        2d8       100%        5
 Lee's Rapid Deconstruct  Erth           1%         3d5*      100%        5
 Lightning Bolt           Conj/Air       6%         1d18      100%        5
 Metabolic Englaciation   Hex/Ice        1%         N/A       100%        5
 Yara's Violent Unravell  Hex/Tmut       1%         3d3       100%        5
 Eringya's Noxious Bog    Tmut/Pois      1%         N/A       100%        6
 Dragon Form              Tmut           1%         N/A       100%        7
 Storm Form               Tmut/Air       1%         N/A       100%        7
 Borgnjor's Revivificati  Necr           1%         N/A       100%        8
 Discord                  Hex            1%         N/A       100%        8
 Disjunction              Tloc           19%        N/A       100%        8
 Lehudib's Crystal Spear  Conj/Erth      6%         10d3      100%        8
 Maxwell's Capacitive Co  Air            1%         ∞         100%        8
 Chain Lightning          Conj/Air       6%         3d8       100%        9
 Polar Vortex             Ice            1%         N/A       100%        9
 Animate Skeleton         Necr           Unusable   N/A       N/A         1
 Summon Small Mammal      Summ           Unusable   N/A       N/A         1
 Sublimation of Blood     Necr           Unusable   N/A       N/A         2
 Tukima's Dance           Hex            Unusable   N/A       N/A         3
 Animate Dead             Necr           Unusable   N/A       N/A         4
 Summon Ice Beast         Ice/Summ       Unusable   N/A       N/A         4
 Summon Lightning Spire   Summ/Air       Unusable   N/A       N/A         4
 Summon Forest            Summ/Tloc      Unusable   N/A       N/A         5
 Death Channel            Necr           Unusable   N/A       N/A         6
 Simulacrum               Ice/Necr       Unusable   N/A       N/A         6
 Statue Form              Tmut/Erth      Unusable   N/A       N/A         6
 Summon Hydra             Summ           Unusable   N/A       N/A         7
 Dragon's Call            Summ           Unusable   N/A       N/A         9

Dungeon Overview and Level Annotations

Branches:
Dungeon (15/15)            Temple (1/1) D:6            Lair (6/6) D:8
  Swamp (4/4) Lair:2       Spider (4/4) Lair:2        Slime (5/5) Lair:5
    Orc (2/2) D:10            Elf (3/3) Orc:2        Vaults (5/5) D:13
  Crypt (0/3) Vaults:2     Depths (4/4) D:15           Hell (visited)
    Coc (0/7) Hell            Zot (5/5) Depths:4      IceCv (visited)
Desolation (visited)      Gauntlet (visited)
    Dis: Hell:1         Geh: Hell:1         Tar: Hell:1

Altars:
Ashenzari
Cheibriados
Dithmenos
Elyvilon
Fedhas
Gozag
Hepliaklqana
Kikubaaqudgha
Makhleb
Nemelex Xobeh
Okawaru
Qazlal
Ru
Sif Muna
Trog
Uskayaw
Vehumet
Wu Jian
Xom
Yredelemnul
Zin
The Shining One
Beogh
Jiyva

Shops:
D:14 (   Orc:1 (   Orc:2 =?=[   Elf:2 [   Vaults:1 *   Vaults:4 *   Vaults:5 ?
Depths:1 *   Depths:3 (:[=

Portals:
Hell: Depths:1 Depths:2 Depths:3 Depths:4
Abyss: Depths:3 Depths:4
Pandemonium: Depths:3
Ziggurat: Depths:2
Bazaar: Depths:3

Annotations:
D:6 1 runed translucent door
Slime:4 exclusion: slime creature
Slime:5 Royal Jelly
Zot:2 3 runed translucent doors, random13's ghost, legendary OpTm


Innate Abilities, Weirdness & Mutations

You are immune to sickness and miasma.
Your stone body is resilient. (AC +20)
You are immune to poison.
Your large and strong wings let you fly.
You resist negative energy. (rN+)
You are resistant to electric shocks. (rElec)
You are resistant to unholy torment.
You are immune to petrification.
You are partially covered in large bone plates. (SH +4)
You have an uncontrollable temper.
You are very clumsy. (Dex -4)
Armour fits poorly on your strangely shaped body.
Your body sometimes deteriorates upon taking damage.
You are dopey. (Int -2)
Your flesh is heat resistant. (rF+)
You are extremely frail. (-30% HP)
Your magical capacity is low. (-10% MP)
You occasionally shout uncontrollably at your foes.
You are very weak. (Str -4)
Your spells are a little easier to cast, but a little less powerful.
You passively dampen the noise of your surroundings.


Message History

Your finesse ends abruptly.
You feel yourself moving faster!
You feel mighty!
You hit the Tzitzimitl.
The Tzitzimitl is almost dead.
Your +9 spectral eveningstar hits the Tzitzimitl!!
You kill the Tzitzimitl!
Okawaru accepts your kill.
You thump the sun demon!
The sun demon is moderately wounded.
Your +9 spectral eveningstar hits the sun demon!
You hammer the sun demon like a gong!!!
You kill the sun demon!
Okawaru accepts your kill.
Your Maces & Flails skill increases to level 18!
The blizzard demon shouts!
You feel a strong urge to attack something.
The demonspawn warmonger shouts!
You start to feel less resistant.
The demonspawn warmonger calls upon its god to speed up something.
You feel your anger nearly subside.
The demonspawn warmonger shoots a bolt.
The bolt completely misses you.
You are no longer berserk.
You are exhausted.
You feel yourself slow down.
The demonspawn warmonger calls down the wrath of its god upon you.
Your magic feels tainted.
The blizzard demon waves its arms in wide circles.
The air twists around and strikes you.
The demonspawn warmonger shoots a bolt.
The bolt hits you but does no damage.
The demonspawn warmonger shoots a bolt.
The bolt hits you!!
* * * LOW HITPOINT WARNING * * *
Your resistance to elements expires.
The demonspawn warmonger shoots a bolt.
You block the bolt.
There is a stone staircase leading up here.
The blizzard demon hits you but does no damage.
You block the blizzard demon's attack. x3
You fly upwards.
The sun demon shouts!
The cacodemon shouts!
The cacodemon gestures at you. The bolt of energy hits you!
You die...

.....#####.###.#..<....###.#.#.##
..#### #......#.......##.##.##.#
.#.# #...###........###.#.#.##
.#.# #...# #..###### ##...##
)#.#######.## #3. #########.##
#.##...###.# ... ........#.#
.##.###.##.# #.# #.#####.#.#
....# #.##.#####.#.#..####.#.#
#.#.###.##.##.2.@.......##.#.#
#.##...###.....#2#.#.##......#
#.##.#.######.#### #3#####.###
....###.## ### #..3....# ...##
##.# ######### ..#.###.##
####.#.######## # ##.........#
### ##..#####.#


You could see a cacodemon, a blizzard demon and a sun demon.

Vanquished Creatures
  4 dread liches
  Mara (Depths:3)
  4 ancient liches
  11 orbs of fire
  A juggernaut (Depths:3)
  the Lernaean hydra (Swamp:4)
  Bai Suzhen (Swamp:3)
  Xtahua (Vaults:3)
  8 Killer Klowns
  5 curse toes
  11 golden dragons
  Geryon (Hell)
  2 caustic shrikes
  4 bone dragons
  A Tzitzimitl (D:8)
  12 tentacled monstrosities
  An Ice Fiend (Zot:2)
  3 electric golems
  Jorgrun (Orc:1)
  A hellephant (Hell)
  A Hell Sentinel (Zot:1)
  2 liches
  Asterion (Vaults:2)
  24 Orb Guardians (Zot:5)
  13 acid blobs
  3 titans (Vaults:5)
  A deep elf blademaster (Elf:2)
  Mlioglotl (Spider:1)
  9 quicksilver dragons
  Frances (D:13)
  4 sphinxes
  An Executioner (Zot:1)
  A deep elf master archer (Elf:3)
  5 tentacled starspawn
  A thorn hunter (Swamp:1)
  An ancient champion (Vaults:2)
  6 death cobs
  14 storm dragons
  Donald (Spider:4)
  5 tengu reavers
  15 shadow dragons
  5 fire giants
  3 fenstrider witches
  4 rockslimes
  9 draconian monks
  2 azure jellies
  The ghost of siradein the Fighter, a journeyman MiFi of Yredelemnul (Orc:2)
  3 iron dragons
  8 deep elf sorcerers
  5 draconian shifters
  9 draconian knights
  4 imperial myrmidons (Desolation)
  8 frost giants
  10 ghost moths
  8 emperor scorpions
  2 orc warlords
  7 deep elf elementalists (Elf:3)
  3 draconian scorchers
  16 vault wardens
  A balrug (Hell)
  2 cacodemons
  26 ironbound preservers
  8 draconian stormcallers
  A ghoul (Vaults:2)
  3 quicksilver oozes (Slime:4)
  9 reapers
  28 very ugly things
  5 war gargoyles
  5 draconian annihilators
  12 stone giants
  3 vampire knights
  14 black draconians
  4 deep elf demonologists (Elf:3)
  7 eleionomae
  4 bunyips
  14 green draconians
  3 dire elephants
  7 spark wasps
  7 entropy weavers
  10 deep elf annihilators
  12 purple draconians
  7 white draconians
  7 red draconians
  9 yellow draconians
  A minotaur (Gauntlet)
  A halazid warlock (Desolation)
  6 ettins
  5 blizzard demons
  3 fire dragons
  19 yaktaur captains
  8 crystal guardians
  7 deep elf high priests
  3 deep elf death magi (Elf:3)
  A merfolk javelineer (Abyss:3)
  10 ironbound thunderhulks
  11 servants of whispers (Desolation)
  Josephine (Lair:6)
  7 ragged hierophants (Desolation)
  Fannar (Orc:1)
  26 hydras
  Harold (Orc:1)
  7 great orbs of eyes
  Erolcha (D:10)
  8 boulder beetles
  12 ice dragons
  2 ghost crabs (Swamp:2)
  A naga warrior (Abyss:2)
  2 rakshasas
  2 catoblepae (Lair:6)
  6 ogre magi
  34 vault guards
  9 centaur warriors
  7 alligators
  11 ironbound frosthearts
  2 anacondas (shapeshifter) (Vaults:5)
  3 spriggan air magi
  9 two-headed ogres
  15 peacekeepers
  A death knight (D:12)
  29 dancing weapons
  7 deep troll earth magi
  5 tengu warriors
  The ghost of ders the Geomancer, a journeyman GrEE of Vehumet (D:9)
  4 thrashing horrors
  An orc high priest (Elf:2)
  7 death yaks
  3 spriggan berserkers
  9 large abominations
  11 deep troll shamans
  A vampire mage (Depths:3)
  A titan zombie (Vaults:5)
  13 hell knights
  16 deep elf knights
  6 sun demons
  3 soul eaters
  A sixfirhy (Abyss:3)
  4 wretched stars
  A skeletal warrior (Vaults:2)
  2 flayed ghosts
  A shadow wraith (Vaults:5)
  3 goliath frogs
  A quicksilver dragon simulacrum (Abyss:3)
  6 spriggan druids
  5 iron trolls
  14 bog bodies
  91 deep trolls
  2 glowing orange brains
  14 swamp dragons
  A spatial maelstrom (Abyss:3)
  An obsidian statue (D:15)
  12 deep elf archers
  A shadow demon (Abyss:1)
  11 orc knights
  Pikel (D:7)
  25 ironbound convokers
  9 wizards
  6 lindwurms
  6 harpies (Vaults:1)
  A phantasmal warrior (Vaults:4)
  The ghost of benadryl the Chopper, a novice GnCA of Ignis (D:6)
  9 necromancers
  28 deep elf pyromancers
  17 orb spiders
  3 shining eyes
  17 deep elf zephyrmancers
  9 orc sorcerers
  4 oklob plants (Lair:5)
  A shining eye (shapeshifter) (Vaults:5)
  A faun (shapeshifter) (Elf:2)
  A shadow dragon skeleton (Vaults:5)
  34 wolf spiders
  4 will-o-the-wisps
  36 ugly things
  4 cyclopes
  2 centaur zombies
  2 salamanders (Depths:1)
  28 moths of wrath
  3 black mambas
  A frost giant zombie (Vaults:4)
  4 worldbinders (Abyss:3)
  12 elephants
  A naga mage (D:15)
  3 rust devils (Depths:1)
  28 vault sentinels
  Joseph (Lair:1)
  4 guardian serpents (Desolation)
  5 ice statues
  7 torpor snails
  Maggie (D:8)
  11 cane toads
  A molten gargoyle (Desolation)
  An eye of devastation (Slime:5)
  2 gargoyles
  2 apocalypse crabs (Abyss:3)
  3 kobold demonologists
  2 smoke demons (Abyss:3)
  4 unseen horrors
  2 orange demons
  10 rime drakes
  4 ice devils
  3 efreet
  A minotaur zombie (Gauntlet)
  A tormentor (Zot:1)
  4 freezing wraiths
  23 demonic crawlers
  14 komodo dragons
  2 tengu conjurers (Depths:1)
  A yaktaur (shapeshifter) (D:15)
  3 human skeletons
  38 yaktaurs
  A guardian mummy (Zot:1)
  A yaktaur skeleton (Vaults:5)
  2 hellwings (Depths:3)
  14 tyrant leeches
  5 ancient zymes (Abyss:3)
  A troll (shapeshifter) (D:15)
  32 jumping spiders
  12 polar bears
  A hydra zombie (Hell)
  77 saltlings (Desolation)
  8 trolls
  A red devil (Depths:3)
  7 meliai
  2 queen bees
  Grinder (D:5)
  20 hornets
  2 meliai zombies
  Prince Ribbit (D:8)
  17 blink frogs
  92 slime creatures
  6 raiju
  2 air elementals
  5 small abominations (Abyss:3)
  3 ynoxinuls
  2 shadows
  A vampire (D:7)
  5 spriggans
  A centaur simulacrum (D:14)
  83 redbacks
  43 tarantellas
  35 yaks
  4 fire elementals
  A water elemental (Depths:3)
  6 wyverns
  7 humans (D:13)
  Grum (D:8)
  2 basilisks
  5 fire bats (Abyss:3)
  2 steam dragons
  A death yak simulacrum (Lair:5)
  A human simulacrum (Vaults:4)
  7 wraiths
  8 golden eyes
  2 neqoxecs
  7 vampire mosquitoes
  18 swamp worms
  3 spatial vortices (Abyss:3)
  5 wargs
  2 nagas (Abyss:2)
  An acid dragon (D:12)
  26 water moccasins
  A floating eye (shapeshifter) (Vaults:2)
  20 hell hounds
  A sky beast (D:5)
  20 orc warriors
  An ice beast (D:5)
  16 black bears
  A necrophage (D:7)
  10 swamp drakes
  10 ogres
  3 boggarts (Vaults:1)
  60 wolves
  6 centaurs
  2 phantoms (D:5)
  2 lemures (D:7)
  3 kobold brigands
  5 scorpions
  17 bullfrogs
  An earth elemental (Elf:3)
  A cane toad simulacrum (Lair:5)
  A two-headed ogre simulacrum (Lair:5)
  4 lindwurm simulacra (IceCv)
  An elephant simulacrum (Lair:5)
  21 killer bees
  13 wights
  5 electric eels
  A bullfrog zombie (D:5)
  4 howler monkeys
  4 komodo dragon simulacra (IceCv)
  A crimson imp (Abyss:3)
  5 starcursed masses
  10 orc priests
  2 hounds
  2 gnoll shamans (D:5)
  5 centaur skeletons
  3 iguanas
  3 jellies
  3 iron imps
  34 orc wizards
  2 troll simulacra (Lair:5)
  A wolf simulacrum (Lair:5)
  A hound skeleton (D:5)
  Robin (D:3)
  13 gnolls
  A howler monkey skeleton (D:7)
  5 acid dragon simulacra (IceCv)
  8 adders
  A river rat (Lair:3)
  4 shadow imps
  A white imp (Lair:5)
  8 steam dragon simulacra (IceCv)
  3 ufetubi
  An adder zombie (D:5)
  2 adder skeletons (D:5)
  4 worms (Spider:4)
  3 dart slugs
  72 orcs
  10 ball pythons
  6 bats
  6 endoplasms
  4 giant cockroaches
  13 goblins
  11 hobgoblins
  A jackal (D:3)
  16 kobolds
  4 quokkas
  6 frilled lizards
  3 rats
  A bush (D:14)
  A fire vortex (Hell)
  2 starspawn tentacles
2590 creatures vanquished.

Vanquished Creatures (others)
  A pandemonium lord (Zot:2)
  An Orb Guardian (Zot:5)
  A death cob (Zot:3)
  2 draconian knights
  A vampire mage (Vaults:2)
  A deep elf knight (Elf:3)
  A phantasmal warrior (Vaults:5)
  An ugly thing (D:14)
  2 deep elf zephyrmancers
  A bloated husk (Swamp:1)
  2 humans (D:13)
  2 orc wizards (Orc:2)
  8 bushes
  2 demonic plants (Gauntlet)
  38 foxfires
  69 fungi
  A lurking horror (Abyss:3)
  116 plants
  17 starspawn tentacles
267 creatures vanquished.

Grand Total: 2857 creatures vanquished

Notes
Turn   | Place    | Note
-------+----------+-------------------------------------------
     0 | D:1      | ragingrage the Gargoyle Warper began the quest for the Orb.
     0 | D:1      | Reached XP level 1. HP: 12/12 MP: 3/3
   205 | D:1      | Reached XP level 2. HP: 11/17 MP: 5/5
   907 | D:1      | Found a faded altar of an unknown god.
  1039 | D:2      | Reached XP level 3. HP: 18/21 MP: 6/6
  1921 | D:3      | Reached XP level 4. HP: 19/26 MP: 7/7
  2102 | D:3      | You fall into a shaft and drop 2 floors!
  2102 | D:5      | Entered Level 5 of the Dungeon
  2102 | D:5      | Noticed a water moccasin
  2107 | D:5      | Killed a water moccasin
  2108 | D:5      | Reached skill level 5 in Maces & Flails
  2108 | D:5      | Reached XP level 5. HP: 30/30 MP: 8/8
  2245 | D:5      | Reached XP level 6. HP: 13/35 MP: 9/9
  2444 | D:5      | Learned a level 2 spell: Blink
  2446 | D:5      | Learned a level 1 spell: Sandblast
  2573 | D:5      | Noticed a black bear
  2632 | D:5      | Noticed a sky beast
  2771 | D:5      | Killed a sky beast
  2999 | D:5      | Noticed Grinder
  3063 | D:6      | Killed a black bear
  3064 | D:6      | Reached XP level 7. HP: 29/40 MP: 10/10
  3516 | D:5      | Killed Grinder
  3828 | D:6      | Reached XP level 8. HP: 44/44 MP: 11/11
  4559 | D:5      | Reached skill level 10 in Maces & Flails
  4691 | D:4      | Identified the +12 short sword of Fimbulwinter {pain, rN+}
  5176 | D:4      | Found an iron altar of Okawaru.
  5202 | D:4      | Became a worshipper of Warmaster Okawaru
  5549 | D:3      | Found a hide-covered altar of Uskayaw.
  5549 | D:3      | Noticed Robin
  6155 | D:3      | Found a sacrificial altar of Ru.
  6229 | D:3      | Found a sparkling altar of Nemelex Xobeh.
  6229 | D:3      | Found an opulent altar of Gozag.
  6434 | D:3      | Killed Robin
  6739 | D:6      | Found a staircase to the Ecumenical Temple.
  7025 | D:6      | Reached skill level 3 in Fighting
  7025 | D:6      | Reached XP level 9. HP: 9/50 MP: 12/12
  7492 | D:6      | Found a runed translucent door.
  7504 | D:6      | Noticed benadryl's ghost (novice GnCA)
  7585 | D:6      | Found a runed translucent door.
  7634 | D:6      | Found a blossoming altar of Fedhas.
  7643 | D:6      | Found a burning altar of Makhleb.
  7966 | D:7      | Noticed a green ugly thing
  7981 | D:7      | Killed a green ugly thing
  7981 | D:7      | Reached * piety under Okawaru
  7982 | D:7      | Reached skill level 4 in Fighting
  8157 | D:7      | Identified a scroll of acquirement
  8160 | D:7      | Acquired a manual of Crossbows
  9135 | D:7      | Noticed Pikel
  9150 | D:7      | Killed Pikel
  9150 | D:7      | Reached ** piety under Okawaru
  9151 | D:7      | Reached skill level 5 in Fighting
  9261 | D:7      | Reached skill level 1 in Shields
  9261 | D:7      | Reached skill level 1 in Invocations
  9402 | D:7      | Reached skill level 5 in Armour
  9402 | D:7      | Reached XP level 10. HP: 59/59 MP: 13/13
  9724 | D:7      | Found a bloodstained altar of Trog.
  9749 | D:8      | Noticed Grum
  9866 | D:8      | Killed Grum
 10027 | D:8      | Noticed Maggie
 10044 | D:8      | Killed Maggie
 10044 | D:8      | Reached *** piety under Okawaru
 10045 | D:8      | Reached skill level 6 in Fighting
 10093 | D:8      | Noticed Prince Ribbit
 10119 | D:8      | Killed Prince Ribbit
 10213 | D:8      | Found a shimmering altar of Xom.
 10466 | D:8      | Found a staircase to the Lair.
 10466 | D:8      | Noticed an elephant
 10697 | D:8      | Killed an elephant
 10697 | D:8      | Reached **** piety under Okawaru
 10698 | D:8      | Reached skill level 7 in Fighting
 10760 | D:8      | Reached skill level 5 in Shields
 10914 | D:9      | Reached XP level 11. HP: 60/67 MP: 11/14
 11027 | D:9      | Found a stormy altar of Qazlal.
 11125 | D:9      | Found a large runed translucent door.
 11153 | D:9      | Found a large runed translucent door.
 11154 | D:9      | Noticed ders's ghost (journeyman GrEE)
 12002 | D:6      | Killed benadryl's ghost
 12294 | D:10     | Entered Level 10 of the Dungeon
 12434 | D:10     | Reached skill level 8 in Fighting
 12434 | D:10     | Reached skill level 5 in Dodging
 12569 | D:10     | Reached ***** piety under Okawaru
 12603 | D:10     | Found an ornate altar of the Wu Jian Council.
 12713 | D:10     | Found a shimmering blue altar of Sif Muna.
 12821 | D:10     | Found a staircase to the Orcish Mines.
 12877 | D:10     | Reached skill level 1 in Crossbows
 12998 | D:10     | Found a glowing silver altar of Zin.
 13387 | Lair:1   | Entered Level 1 of the Lair of Beasts
 13448 | Lair:1   | Identified the +6 kite shield "Pous Qaph" {Int+6} (Okawaru
                  | gifted it to you on level 1 of the Lair of Beasts)
 13448 | Lair:1   | Received a gift from Okawaru
 13478 | Lair:1   | Noticed Joseph
 13484 | Lair:1   | Noticed a spriggan rider
 13511 | Lair:1   | Killed Joseph
 13512 | Lair:1   | Reached skill level 9 in Fighting
 13512 | Lair:1   | Reached skill level 5 in Crossbows
 13517 | Lair:1   | Reached XP level 12. HP: 33/76 MP: 15/15
 13812 | Lair:1   | Noticed a four-headed hydra
 13867 | Lair:1   | Killed a four-headed hydra
 13868 | Lair:1   | Reached skill level 1 in Evocations
 14086 | Lair:1   | Received a gift from Okawaru
 14249 | Lair:1   | Reached skill level 10 in Fighting
 14451 | Lair:2   | Noticed a seven-headed hydra
 14478 | Lair:2   | Killed a seven-headed hydra
 14478 | Lair:2   | Received a gift from Okawaru
 14513 | Lair:2   | Noticed a boulder beetle
 14544 | Lair:2   | Killed a boulder beetle
 14779 | Lair:2   | Noticed a four-headed hydra
 14810 | Lair:2   | Killed a four-headed hydra
 14811 | Lair:2   | Reached skill level 5 in Invocations
 14930 | Lair:2   | Found a staircase to the Swamp.
 15124 | Lair:2   | Found a hole to the Spider Nest.
 15766 | Lair:3   | Reached XP level 13. HP: 82/82 MP: 16/16
 15829 | Lair:3   | Reached skill level 10 in Crossbows
 15978 | Lair:3   | Received a gift from Okawaru
 16012 | Lair:3   | Reached skill level 5 in Evocations
 16094 | Lair:3   | Reached ****** piety under Okawaru
 17002 | Lair:4   | Received a gift from Okawaru
 17116 | Lair:4   | Reached skill level 15 in Maces & Flails
 17256 | Lair:4   | Reached skill level 11 in Fighting
 17542 | Lair:4   | Identified the +8 hunting sling "Kyabi" {venom, Will+++}
                  | (Okawaru gifted it to you on level 4 of the Lair of Beasts)
 17542 | Lair:4   | Received a gift from Okawaru
 18346 | Lair:5   | Found a staircase to the Slime Pits.
 18482 | Lair:5   | Gained mutation: Your large and strong wings let you fly.
                  | [Gargoyle growth]
 18482 | Lair:5   | Reached XP level 14. HP: 57/90 MP: 17/17
 18629 | Lair:5   | Received a gift from Okawaru
 18666 | Lair:5   | Reached skill level 12 in Fighting
 18708 | Lair:5   | Received a gift from Okawaru
 19119 | Lair:5   | Received a gift from Okawaru
 19144 | Lair:5   | Acquired the +0 pair of gloves of the Yeti {Will++ MP+9
                  | Int+4}
 19229 | Lair:6   | Entered Level 6 of the Lair of Beasts
 19714 | Lair:6   | Reached skill level 13 in Fighting
 19862 | Lair:6   | Identified the +0 pair of gloves of Snakes and Ladders
                  | {Harm rElec Regen+} (Okawaru gifted it to you on level 6 of
                  | the Lair of Beasts)
 19862 | Lair:6   | Received a gift from Okawaru
 19978 | Lair:6   | Noticed Josephine
 20003 | Lair:6   | Killed Josephine
 20271 | Lair:6   | Found a runed translucent door.
 20682 | Lair:6   | Reached skill level 14 in Fighting
 21116 | Lair:6   | Reached XP level 15. HP: 97/100 MP: 19/19
 21239 | Lair:6   | Identified the +5 buckler of Focef {rPois Int+4} (Okawaru
                  | gifted it to you on level 6 of the Lair of Beasts)
 21239 | Lair:6   | Received a gift from Okawaru
 22050 | D:9      | Killed ders's ghost
 22293 | D:11     | Gained mutation: You occasionally shout uncontrollably at
                  | your foes. [potion of mutation]
 23813 | D:13     | Found a frozen archway.
 23863 | IceCv    | Entered an ice cave
 24166 | IceCv    | Identified the amulet of Mauxewk {RegenMP -Tele Dex+8}
 24169 | IceCv    | Identified the ring of Mukiugagh {*Slow Will+ Str+7 Dex+3}
 24650 | D:13     | Noticed Frances
 24678 | D:13     | Killed Frances
 24678 | D:13     | Received a gift from Okawaru
 24908 | D:13     | Identified the +8 great mace "Fiduirun" {freeze, rC+ rCorr
                  | Int-5 Stlth+} (Okawaru gifted it to you on level 13 of the
                  | Dungeon)
 24908 | D:13     | Received a gift from Okawaru
 25650 | D:13     | Found a gate to the Vaults.
 25794 | Orc:1    | Entered Level 1 of the Orcish Mines
 25827 | Orc:1    | Noticed Erolcha
 25841 | Orc:1    | Noticed Fannar
 25871 | D:10     | Killed Erolcha
 25993 | Orc:1    | Killed Fannar
 26133 | Orc:1    | Noticed Jorgrun
 26156 | Orc:2    | Entered Level 2 of the Orcish Mines
 26156 | Orc:2    | Found a staircase to the Elven Halls.
 26171 | Orc:2    | Reached skill level 15 in Fighting
 26238 | Orc:1    | Killed Jorgrun
 26257 | Orc:1    | Found Jaanwoz's Weapon Shop.
 26609 | Orc:1    | Reached XP level 16. HP: 106/108 MP: 22/22
 26628 | Orc:1    | Noticed Harold
 26694 | Orc:1    | Killed Harold
 27053 | Orc:2    | Found Quak's Magic Scroll Shop.
 27060 | Orc:2    | Bought a scroll of blinking for 120 gold pieces
 27060 | Orc:2    | Bought a scroll of identify for 32 gold pieces
 27060 | Orc:2    | Bought a scroll of identify for 32 gold pieces
 27060 | Orc:2    | Bought a scroll of identify for 32 gold pieces
 27060 | Orc:2    | Bought a scroll of identify for 32 gold pieces
 27336 | Orc:2    | Found an ancient bone altar of Kikubaaqudgha.
 27404 | Orc:2    | Found Imapyut's Magic Scroll Boutique.
 27600 | Orc:2    | Found Dutruocy's Jewellery Shop.
 27613 | Orc:2    | Found Yczerch's Antique Armour Shop.
 27623 | Orc:2    | Bought a dazzling scale mail for 234 gold pieces
 27623 | Orc:2    | Identified the +4 scale mail of Ecryebb {-Tele Will+ Int+3
                  | Dex+5} (You bought it in a shop on level 2 of the Orcish
                  | Mines)
 27623 | Orc:2    | Bought a jewelled scale mail for 234 gold pieces
 27623 | Orc:2    | Identified the +6 scale mail "Qauk" {*Slow rPois Int+4}
                  | (You bought it in a shop on level 2 of the Orcish Mines)
 27640 | Orc:2    | Found a radiant altar of Vehumet.
 27647 | Orc:2    | Bought a scroll of identify for 32 gold pieces
 27647 | Orc:2    | Bought a scroll of fog for 32 gold pieces
 27647 | Orc:2    | Bought a scroll of identify for 32 gold pieces
 27647 | Orc:2    | Bought a scroll of identify for 32 gold pieces
 27647 | Orc:2    | Bought a scroll of teleportation for 48 gold pieces
 27647 | Orc:2    | Bought a scroll of fear for 56 gold pieces
 27647 | Orc:2    | Bought a scroll of identify for 32 gold pieces
 27647 | Orc:2    | Bought a scroll of teleportation for 48 gold pieces
 27647 | Orc:2    | Bought a scroll of teleportation for 48 gold pieces
 27738 | Orc:2    | Found Nilas's Jewellery Shop.
 27958 | Orc:2    | Received a gift from Okawaru
 27974 | Orc:2    | Found a runed translucent door.
 27974 | Orc:2    | Found a shimmering altar of Xom.
 27974 | Orc:2    | Noticed siradein's ghost (journeyman MiFi)
 28397 | Elf:1    | Entered Level 1 of the Elven Halls
 28515 | D:14     | Found a gate leading to a gauntlet.
 28534 | Gauntlet | Entered a Gauntlet
 28534 | Gauntlet | Found a transporter.
 28549 | Gauntlet | Found a transporter.
 28549 | Gauntlet | Found a transporter.
 28550 | Gauntlet | Found a transporter.
 28558 | Gauntlet | Found a transporter.
 28561 | Gauntlet | Found a transporter.
 28562 | Gauntlet | Found a transporter.
 28574 | Gauntlet | Found a transporter.
 28575 | Gauntlet | Found a transporter.
 28586 | Gauntlet | Found a transporter.
 28586 | Gauntlet | Found a transporter.
 28587 | Gauntlet | Found a transporter.
 28595 | Gauntlet | Found a transporter.
 28641 | Gauntlet | Found a transporter.
 28874 | Gauntlet | Identified the +4 war axe "Ruzuax" {vorpal, Dex+5}
 28916 | Gauntlet | Gained mutation: You are weak. (Str -2) [a cacodemon]
 28920 | Gauntlet | Gained mutation: Your magical capacity is low. (-10% MP) [a
                  | neqoxec]
 28932 | Gauntlet | Identified the amulet "Fos Qit" {Spirit Rampage Drain rC+
                  | Int+3}
 28935 | Gauntlet | Lost mutation: You occasionally shout uncontrollably at
                  | your foes. [potion of mutation]
 28935 | Gauntlet | Gained mutation: You are robust. (+10% HP) [potion of
                  | mutation]
 28935 | Gauntlet | Lost mutation: You are weak. (Str -2) [potion of mutation]
 28952 | Gauntlet | Identified the ring of Hutes {rCorr SInv}
 29031 | Gauntlet | Identified the +2 leather armour of Ignis's Supremacy {rC-
                  | Str+3}
 29031 | Gauntlet | Identified the +5 shortbow "Beastbane" {freeze, rElec}
 29297 | D:14     | Found Qolutagu's Weapon Shop.
 29370 | D:14     | Identified the +1 scale mail of Nemelex Xobeh's Grace
                  | {Will++ Str+4 Int-4}
 29920 | D:15     | Entered Level 15 of the Dungeon
 30083 | D:15     | Identified the +6 trident "Ysiezxink" {flame, Dex+7}
 30159 | D:15     | Received a gift from Okawaru
 30679 | D:15     | Found a staircase to the Depths.
 31348 | Elf:1    | Paralysed by an air elemental for 1 turns
 31550 | Orc:2    | Killed siradein's ghost
 31753 | Orc:2    | Reached skill level 10 in Invocations
 31959 | Orc:2    | Paralysed by an air elemental for 1 turns
 31964 | Orc:2    | Paralysed by an air elemental for 1 turns
 32032 | Elf:1    | Received a gift from Okawaru
 32104 | Elf:1    | Reached skill level 10 in Evocations
 32181 | Elf:1    | Reached XP level 17. HP: 109/126 MP: 22/22
 32403 | Elf:1    | Reached skill level 16 in Fighting
 32698 | Elf:1    | You are sucked into a shaft and drop 1 floor!
 32730 | Elf:2    | Found a runed translucent gate.
 32730 | Elf:2    | Found a runed translucent gate.
 32737 | Elf:2    | Found a runed translucent gate.
 33064 | Elf:2    | Noticed a deep elf blademaster
 33087 | Elf:2    | Killed a deep elf blademaster
 33190 | Elf:2    | Cast into level 3 of the Abyss (+4 quick blade of
                  | distortion)
 33289 | Abyss:3  | Received a gift from Okawaru
 33309 | Abyss:3  | Noticed a tentacled starspawn
 33320 | Abyss:3  | Found a corrupted altar of Lugonu.
 33325 | Abyss:3  | Noticed a tentacled starspawn
 33334 | Abyss:3  | Killed a tentacled starspawn
 33346 | Abyss:3  | Killed a tentacled starspawn
 33379 | Abyss:3  | Reached skill level 17 in Fighting
 33398 | Abyss:3  | Paralysed by accursed screaming for 1 turns
 33653 | Abyss:3  | Noticed a tentacled starspawn
 33687 | Abyss:3  | Paralysed by accursed screaming for 1 turns
 33688 | Abyss:3  | HP: 5/128 [shadow demon (9)]
 33689 | Abyss:3  | HP: 2/128 [starcursed mass/accursed screaming (4)]
 34007 | Abyss:3  | Identified the +1 leather armour of Fedhas's Esteem {Drain
                  | rPois Dex+7}
 34030 | Elf:2    | Escaped the Abyss
 34291 | Elf:2    | Received a gift from Okawaru
 34473 | Elf:3    | Entered Level 3 of the Elven Halls
 34657 | Elf:3    | Found a flickering gateway to a bazaar.
 34671 | Bazaar   | Entered a bazaar
 34711 | Bazaar   | Found Ucwinkel's Assorted Antiques.
 34711 | Bazaar   | Found Meeguf's Armour Shoppe.
 34716 | Bazaar   | Bought a scorched scale mail for 270 gold pieces
 34716 | Bazaar   | Identified the +1 scale mail of Repulsion {rF+ rC+ Str+6
                  | SInv} (You bought it in a shop in a bazaar)
 34721 | Bazaar   | Bought a scroll of fog for 60 gold pieces
 34721 | Bazaar   | Bought a scroll of teleportation for 90 gold pieces
 34721 | Bazaar   | Bought a scroll of identify for 60 gold pieces
 34727 | Bazaar   | Bought a +2 cloak of willpower for 215 gold pieces
 34759 | Bazaar   | Found Dympost's Magic Scroll Emporium.
 34759 | Bazaar   | Found Ecweh's Assorted Antiques.
 34764 | Bazaar   | Bought a scroll of identify for 24 gold pieces
 34764 | Bazaar   | Bought a scroll of identify for 24 gold pieces
 34764 | Bazaar   | Bought a scroll of identify for 24 gold pieces
 34764 | Bazaar   | Bought a scroll of identify for 24 gold pieces
 34764 | Bazaar   | Bought a scroll of identify for 24 gold pieces
 34764 | Bazaar   | Bought a scroll of fear for 42 gold pieces
 34764 | Bazaar   | Bought a scroll of identify for 24 gold pieces
 34770 | Bazaar   | Bought a runed scarf for 192 gold pieces
 34837 | Bazaar   | Bought a scroll of identify for 60 gold pieces
 34837 | Bazaar   | Bought a potion of magic for 240 gold pieces
 34927 | Elf:3    | Reached XP level 18. HP: 118/136 MP: 22/22
 35249 | Elf:3    | Reached skill level 18 in Fighting
 35562 | Elf:3    | Found a radiant altar of Vehumet.
 35941 | Elf:2    | Found Patuno's Antique Armour Shoppe.
 37105 | Swamp:1  | Entered Level 1 of the Swamp
 37703 | Swamp:1  | Received a gift from Okawaru
 37851 | Swamp:1  | Received a gift from Okawaru
 38453 | Swamp:2  | Received a gift from Okawaru
 38712 | Swamp:2  | Reached skill level 19 in Fighting
 39301 | Swamp:2  | Reached skill level 10 in Armour
 39922 | Swamp:3  | Noticed Bai Suzhen
 39950 | Swamp:3  | Killed Bai Suzhen
 40993 | Swamp:4  | Entered Level 4 of the Swamp
 41290 | Swamp:4  | Reached XP level 19. HP: 96/146 MP: 23/23
 41306 | Swamp:4  | Identified the +6 quick blade "Perull" {spect, Str-3 Int+3
                  | Dex+4} (Okawaru gifted it to you on level 4 of the Swamp)
 41306 | Swamp:4  | Received a gift from Okawaru
 42394 | Swamp:4  | Noticed the 27-headed Lernaean hydra
 42401 | Swamp:4  | Killed the 27-headed Lernaean hydra
 42401 | Swamp:4  | Identified the +9 arbalest of the Swamp {penet, rPois Will-
                  | Dex+4} (Okawaru gifted it to you on level 4 of the Swamp)
 42401 | Swamp:4  | Received a gift from Okawaru
 42425 | Swamp:4  | Got a decaying rune of Zot
 42727 | Spider:1 | Entered Level 1 of the Spider Nest
 42807 | Spider:1 | Reached skill level 20 in Fighting
 43057 | Spider:1 | Noticed Mlioglotl
 43071 | Spider:1 | Killed Mlioglotl
 43347 | Spider:1 | Reached skill level 1 in Stealth
 43636 | Spider:1 | Reached skill level 15 in Evocations
 43701 | Spider:1 | Received a gift from Okawaru
 44041 | Spider:1 | Received a gift from Okawaru
 45131 | Spider:2 | Reached skill level 5 in Stealth
 45496 | Spider:2 | Received a gift from Okawaru
 45724 | Spider:2 | Reached XP level 20. HP: 151/154 MP: 24/24
 46225 | Spider:3 | Received a gift from Okawaru
 47284 | Spider:4 | Entered Level 4 of the Spider Nest
 47284 | Spider:4 | Noticed Donald
 47296 | Spider:4 | Killed Donald
 47484 | Spider:4 | Received a gift from Okawaru
 48206 | Spider:4 | Reached skill level 10 in Stealth
 48311 | Spider:4 | Received a gift from Okawaru
 49641 | Spider:4 | Reached skill level 10 in Shields
 50151 | Spider:4 | Got a gossamer rune of Zot
 51322 | Elf:3    | Identified the +3 falchion of Cain Fis {flame, Contam
                  | Str+5}
 51349 | Elf:3    | Identified the +4 dire flail of Hiwes {freeze, Fly rF+}
 51838 | Elf:3    | Paralysed by an air elemental for 1 turns
 51843 | Elf:3    | Paralysed by an air elemental for 1 turns
 52269 | Elf:3    | Reached skill level 21 in Fighting
 52412 | Elf:3    | Identified the +3 scale mail of the Chupacabra {rF+ rC+
                  | Int-4}
 52455 | Elf:3    | Received a gift from Okawaru
 52751 | Elf:3    | Reached XP level 21. HP: 121/162 MP: 25/25
 52924 | Elf:3    | Got the Reference Book on Black Rituals
 53308 | Depths:1 | Entered Level 1 of the Depths
 53618 | Depths:1 | Found Bitic's General Store.
 53626 | Depths:1 | Bought a potion of haste for 120 gold pieces
 54205 | Depths:1 | Found a gateway to Hell.
 55218 | Depths:2 | Found a gateway to a ziggurat.
 55265 | Depths:2 | Received a gift from Okawaru
 55992 | Depths:2 | Found a portal to a secret trove of treasure.
 56004 | Trove    | Entered a treasure trove
 56012 | Trove    | Identified the +4 morningstar "Moall" {spect, Str+4 Stlth+}
 56017 | Trove    | Identified the +9 great sword "Huengal" {speed, Will+}
 56030 | Trove    | Identified the +5 hand crossbow "Nafos" {penet, +Blink rC+
                  | rN++ Str-5}
 56163 | Depths:3 | Noticed Mara
 56187 | Depths:3 | Noticed ragingrage's illusion
 56418 | Depths:3 | Noticed ragingrage's illusion
 56426 | Depths:3 | Killed Mara
 56487 | Depths:3 | Found Hiuroag's Antique Armour Shoppe.
 56489 | Depths:3 | Found Delauna's Jewellery Shoppe.
 56489 | Depths:3 | Found Boen's Antique Weapon Emporium.
 56494 | Depths:3 | Found Huahuf's Book Emporium.
 56500 | Depths:3 | Bought a manual of Invocations for 880 gold pieces
 56500 | Depths:3 | Found a one-way gate to the infinite horrors of the Abyss.
 56739 | Depths:3 | Noticed a caustic shrike
 56740 | Depths:3 | Noticed a golden dragon
 56740 | Depths:3 | Noticed a caustic shrike
 56769 | Depths:2 | Killed a caustic shrike
 57211 | Depths:3 | Killed a caustic shrike
 57462 | Depths:3 | Killed a golden dragon
 57690 | Depths:3 | Found a gateway to a bazaar.
 57944 | Depths:3 | Noticed a juggernaut
 57972 | Depths:3 | Killed a juggernaut
 57973 | Depths:3 | Reached skill level 22 in Fighting
 57975 | Depths:3 | Received a gift from Okawaru
 57976 | Depths:3 | Reached XP level 22. HP: 99/171 MP: 20/27
 58417 | Depths:3 | Found a one-way gate leading to the halls of Pandemonium.
 58531 | Depths:3 | Received a gift from Okawaru
 59076 | Depths:4 | Entered Level 4 of the Depths
 59435 | Depths:4 | Found a stormy altar of Qazlal.
 60292 | Depths:4 | Received a gift from Okawaru
 60314 | Depths:4 | Reached skill level 15 in Stealth
 60568 | Depths:4 | Noticed a golden dragon
 60577 | Depths:4 | Killed a golden dragon
 60749 | Depths:4 | Found a gate to the Realm of Zot.
 61228 | Slime:1  | Entered Level 1 of the Pits of Slime
 61388 | Slime:2  | Gained mutation: You are weak. (Str -2) [a shining eye]
 61389 | Slime:2  | Received a gift from Okawaru
 61393 | Slime:2  | Gained mutation: You passively dampen the noise of your
                  | surroundings. [a shining eye]
 62163 | Slime:5  | Entered Level 5 of the Pits of Slime
 62454 | Slime:5  | Noticed the Royal Jelly
 62563 | Slime:4  | Received a gift from Okawaru
 62578 | Slime:4  | Found a viscous altar of Jiyva.
 63115 | Slime:3  | Reached skill level 15 in Armour
 64120 | Slime:5  | Gained mutation: You occasionally shout uncontrollably at
                  | your foes. [a shining eye]
 64204 | Slime:4  | Gained mutation: Your spells are a little easier to cast,
                  | but a little less powerful. [a shining eye]
 64206 | Slime:4  | Gained mutation: You do not regenerate when monsters are
                  | visible. [a shining eye]
 64208 | Slime:4  | Lost mutation: You are robust. (+10% HP) [a shining eye]
 64829 | Slime:4  | HP: 5/158 [acid blob/splash of acid (8)]
 64834 | Slime:4  | HP: 3/158 [rockslime (8)]
 64853 | Slime:4  | HP: 1/158 [acid blob/splash of acid (4)]
 65535 | Vaults:1 | Entered Level 1 of the Vaults
 65562 | D:13     | Lost mutation: Your spells are a little easier to cast, but
                  | a little less powerful. [potion of mutation]
 65562 | D:13     | Lost mutation: You occasionally shout uncontrollably at
                  | your foes. [potion of mutation]
 65562 | D:13     | Lost mutation: Your magical capacity is low. (-10% MP)
                  | [potion of mutation]
 65562 | D:13     | Gained mutation: You have a pair of small horns on your
                  | head. [potion of mutation]
 65562 | D:13     | Gained mutation: You expend magic power (3 MP) to
                  | strengthen your wands. [potion of mutation]
 65563 | D:13     | Lost mutation: You expend magic power (3 MP) to strengthen
                  | your wands. [potion of mutation]
 65563 | D:13     | Lost mutation: You do not regenerate when monsters are
                  | visible. [potion of mutation]
 65563 | D:13     | Gained mutation: You are partially covered in large bone
                  | plates. (SH +4) [potion of mutation]
 65563 | D:13     | Gained mutation: Your flesh is heat resistant. (rF+)
                  | [potion of mutation]
 66052 | Vaults:1 | Received a gift from Okawaru
 66057 | Vaults:1 | Reached XP level 23. HP: 127/163 MP: 32/32
 66147 | Vaults:1 | Reached skill level 1 in Conjurations
 66184 | Vaults:1 | Found a crumbling gateway.
 66208 | Desolati | Entered the Desolation of Salt
 67190 | Desolati | Got the Catalogue of Ashen Conjuration
 67203 | Desolati | Identified the +2 cloak "Esecoll" {Str+2 Dex+4}
 68303 | Desolati | Got Peuts's Compendium of Aerial Dislocation
 68361 | Desolati | Identified the amulet "Qoysm" {Reflect rN+ SH+5}
 68391 | Desolati | Identified the +6 rapier of Yfowihos {vorpal, rF+ Str+2}
 68421 | Desolati | Identified the +8 battleaxe of Poverty {vorpal, rF+ Str+4}
 68438 | Desolati | Got the Catalogue of Clay and Sinister Arts
 68444 | Desolati | Found the +7 Kryia's mail coat {PotionHeal*2 rC+}
 68449 | Desolati | Received a gift from Okawaru
 68463 | Desolati | Identified the ring "Sajeh" {*Slow Fly Slay+5}
 68537 | Desolati | Identified the +1 chain mail "Kemumo" {Contam rPois rN+}
 68807 | Desolati | Got Heosaic's Catalogue of Envenoming and Heat
 69164 | Vaults:1 | Received a gift from Okawaru
 69497 | Vaults:1 | Found Omeilipt's General Store.
 69530 | Vaults:1 | Bought 2 potions of heal wounds for 100 gold pieces
 69530 | Vaults:1 | Bought a potion of curing for 30 gold pieces
 69530 | Vaults:1 | Bought a wand of acid (4) for 160 gold pieces
 69733 | Vaults:1 | Reached skill level 15 in Shields
 70953 | Arena    | Entered the Arena
 71310 | Vaults:2 | Reached XP level 24. HP: 154/170 MP: 33/33
 71774 | Vaults:2 | Noticed Asterion
 71796 | Vaults:2 | Killed Asterion
 72137 | Vaults:2 | Received a gift from Okawaru
 72220 | Vaults:2 | Reached skill level 23 in Fighting
 72657 | Vaults:2 | Found a staircase to the Crypt.
 72702 | Vaults:2 | Reached skill level 15 in Invocations
 73000 | Vaults:2 | Received a gift from Okawaru
 74057 | Vaults:3 | Noticed Xtahua
 74080 | Vaults:3 | Killed Xtahua
 74510 | Vaults:3 | Reached skill level 10 in Dodging
 76244 | Vaults:4 | Found Kiac's Assorted Antiques.
 76256 | Vaults:4 | Bought a scroll of enchant armour for 187 gold pieces
 77230 | Vaults:4 | Identified the +9 flail of Etaulae {vamp, Fly rF++ MP-9}
                  | (Okawaru gifted it to you on level 4 of the Vaults)
 77230 | Vaults:4 | Received a gift from Okawaru
 77797 | Vaults:4 | Reached XP level 25. HP: 172/176 MP: 35/35
 78652 | Hell     | Entered the Vestibule of Hell
 78652 | Hell     | Noticed Geryon
 79638 | Hell     | Received a gift from Okawaru
 80197 | Hell     | Killed Geryon
 80457 | Hell     | Found a gateway to the freezing wastes of Cocytus.
 80933 | Vaults:5 | Entered Level 5 of the Vaults
 80962 | Vaults:5 | Reached skill level 24 in Fighting
 81580 | Vaults:5 | Noticed an ancient lich
 81592 | Vaults:5 | Killed an ancient lich
 81667 | Vaults:5 | Received a gift from Okawaru
 81843 | Vaults:5 | Found Amuennun's Magic Scroll Boutique.
 81852 | Vaults:5 | Bought a scroll of fog for 30 gold pieces
 81852 | Vaults:5 | Bought a scroll of blinking for 112 gold pieces
 81852 | Vaults:5 | Bought a scroll of identify for 30 gold pieces
 81852 | Vaults:5 | Bought a scroll of fog for 30 gold pieces
 81852 | Vaults:5 | Bought a scroll of teleportation for 45 gold pieces
 81876 | Vaults:5 | Identified the ring of Seetiph {Fly Will+ rCorr Str+2
                  | Dex-3}
 81905 | Vaults:5 | Identified the +4 plate armour of Wig Uwuh {*Corrode Will+
                  | Int+5 SInv}
 81986 | Vaults:5 | Noticed a dread lich
 82006 | Vaults:5 | Killed a dread lich
 82006 | Vaults:5 | Received a gift from Okawaru
 82017 | Vaults:5 | Reached XP level 26. HP: 147/186 MP: 36/36
 82491 | Vaults:5 | Noticed a dread lich
 82493 | Vaults:5 | Found the +3 pair of seven-league boots {Rampage+∞}
 82508 | Vaults:5 | Killed a dread lich
 82774 | Vaults:5 | Identified the +11 rapier "Ogrebane" {flame, rF+ Str+2}
 82774 | Vaults:5 | Identified the +10 fustibalus of the Dragonfly {venom,
                  | rCorr Str+6 Int-3 Stlth-}
 83179 | Vaults:5 | Identified the +1 flail "Ebboadgh" {speed, rPois rF+ rN+}
 83209 | Vaults:5 | Found the +3 hat of Pondering {ponderous, Will+ MP+10
                  | Int+5}
 83283 | Vaults:5 | Received a gift from Okawaru
 83616 | Vaults:5 | Got a silver rune of Zot
 84059 | Zot:1    | Entered Level 1 of the Realm of Zot
 84075 | Zot:1    | Reached skill level 1 in Throwing
 84424 | Zot:1    | Noticed a Killer Klown
 84441 | Zot:1    | Killed a Killer Klown
 84641 | Zot:1    | Noticed a Killer Klown
 84656 | Zot:1    | Killed a Killer Klown
 85048 | Zot:1    | Identified the +0 hand crossbow of Pride {penet, Will+
                  | rCorr} (Okawaru gifted it to you on level 1 of the Realm of
                  | Zot)
 85048 | Zot:1    | Received a gift from Okawaru
 85841 | Zot:1    | Reached skill level 25 in Fighting
 86092 | Zot:1    | Received a gift from Okawaru
 86470 | Zot:1    | Reached skill level 5 in Translocations
 87101 | Zot:2    | Reached skill level 5 in Throwing
 87115 | Zot:2    | Received a gift from Okawaru
 87189 | Zot:2    | Received a gift from Okawaru
 88379 | Zot:2    | Reached XP level 27. HP: 109/193 MP: 31/36
 89195 | Zot:2    | Found a runed translucent gate.
 89197 | Zot:2    | Found a runed translucent gate.
 89197 | Zot:2    | Noticed random13's ghost (legendary OpTm)
 89198 | Zot:2    | Found a runed translucent gate.
 89711 | Depths:4 | Voluntarily entered the Abyss.
 89990 | Abyss:3  | Received a gift from Okawaru
 90132 | Abyss:3  | Got an abyssal rune of Zot
 90138 | Depths:4 | Escaped the Abyss
 90420 | Zot:3    | Received a gift from Okawaru
 90443 | Zot:3    | HP: 9/193 [purple draconian/bolt of dispelling energy (28)]
 90998 | Zot:3    | Received a gift from Okawaru
 93476 | Zot:4    | Noticed an orb of fire
 93561 | Zot:4    | Noticed an orb of fire
 93578 | Zot:4    | Gained mutation: You are frail. (-10% HP) [an orb of fire]
 93587 | Zot:4    | Killed an orb of fire
 94019 | Zot:4    | Gained mutation: Your spells are a little harder to cast,
                  | but a little more powerful. [an orb of fire]
 94020 | Zot:4    | Gained mutation: You are clumsy. (Dex -2) [an orb of fire]
 94024 | Zot:4    | Gained mutation: You are very frail. (-20% HP) [an orb of
                  | fire]
 94029 | Zot:4    | Killed an orb of fire
 94029 | Zot:4    | Received a gift from Okawaru
 94194 | Zot:4    | Noticed an orb of fire
 94198 | Arena    | Entered the Arena
 94217 | Arena    | Killed an orb of fire
 94218 | Arena    | Reached skill level 26 in Fighting
 94241 | Zot:4    | Received a gift from Okawaru
 94994 | Temple   | Entered the Ecumenical Temple
 95673 | Zot:5    | Entered Level 5 of the Realm of Zot
 96207 | Zot:5    | Received a gift from Okawaru
 96208 | Zot:5    | Noticed an orb of fire
 96209 | Zot:5    | Noticed an ancient lich
 96232 | Zot:5    | Killed an orb of fire
 96235 | Zot:5    | Killed an ancient lich
 96240 | Zot:5    | Noticed a dread lich
 96250 | Zot:5    | Killed a dread lich
 96414 | Zot:5    | Noticed an orb of fire
 96414 | Zot:5    | Noticed an orb of fire
 96416 | Zot:5    | Noticed an orb of fire
 96417 | Zot:5    | Lost mutation: Your spells are a little harder to cast, but
                  | a little more powerful. [an orb of fire]
 96422 | Zot:5    | Gained mutation: You are very clumsy. (Dex -4) [an orb of
                  | fire]
 96426 | Zot:5    | Gained mutation: You are dopey. (Int -2) [an orb of fire]
 96747 | Zot:5    | Gained mutation: You tend to lose your temper in combat.
                  | [an orb of fire]
 96751 | Zot:5    | Gained mutation: You often lose your temper in combat. [an
                  | orb of fire]
 96765 | Zot:5    | Killed an orb of fire
 96990 | Zot:5    | Reached skill level 1 in Axes
 97131 | Zot:5    | Killed an orb of fire
 97301 | Zot:5    | Noticed a dread lich
 97312 | Zot:5    | Killed a dread lich
 97312 | Zot:5    | Received a gift from Okawaru
 97337 | Zot:5    | Gained mutation: Your magical capacity is low. (-10% MP)
                  | [an orb of fire]
 97342 | Zot:5    | Gained mutation: Your spells are a little easier to cast,
                  | but a little less powerful. [an orb of fire]
 97353 | Zot:5    | Killed an orb of fire
 97358 | Zot:5    | Received a gift from Okawaru
 97518 | Zot:5    | Noticed an orb of fire
 97535 | Zot:5    | Killed an orb of fire
 97666 | Zot:5    | Identified the +9 hand crossbow "Tusicwau" {penet, Int+3}
                  | (Okawaru gifted it to you on level 5 of the Realm of Zot)
 97666 | Zot:5    | Received a gift from Okawaru
 97851 | Zot:5    | Noticed an orb of fire
 97851 | Zot:5    | Lost mutation: You have a pair of small horns on your head.
                  | [an orb of fire]
 97856 | Zot:5    | Noticed an orb of fire
 97879 | Zot:5    | Gained mutation: Your body sometimes deteriorates upon
                  | taking damage. [an orb of fire]
 97885 | Zot:5    | Killed an orb of fire
 98590 | Zot:5    | Noticed an orb of fire
 98590 | Zot:5    | Gained mutation: Armour fits poorly on your strangely
                  | shaped body. [an orb of fire]
 98594 | Zot:5    | Gained mutation: You have an uncontrollable temper. [an orb
                  | of fire]
 98595 | Zot:5    | Noticed an ancient lich
 98598 | Zot:5    | Gained mutation: You occasionally shout uncontrollably at
                  | your foes. [an orb of fire]
 98602 | Zot:5    | Killed an orb of fire
 98609 | Zot:5    | Reached skill level 10 in Throwing
 98614 | Zot:5    | Killed an ancient lich
 99109 | Zot:5    | Killed an orb of fire
 99110 | Zot:5    | Reached skill level 5 in Axes
 99227 | Zot:5    | Got the Orb of Zot
 99345 | Zot:2    | Noticed Dysoidd the pandemonium lord
 99348 | Zot:2    | Gained mutation: You are extremely frail. (-30% HP) [a
                  | cacodemon]
 99356 | Zot:2    | Gained mutation: You are very weak. (Str -4) [a cacodemon]
 99367 | Zot:2    | Killed Dysoidd the pandemonium lord
 99409 | Zot:1    | HP: 4/205 [Hell Sentinel/damnation (20)]
 99409 | Zot:1    | HP: 1/205 [Hell Sentinel (3)]
 99438 | Zot:1    | Noticed Athroquti the pandemonium lord
 99438 | Zot:1    | Noticed an ancient lich
 99452 | Zot:1    | Killed an ancient lich
 99452 | Zot:1    | Received a gift from Okawaru
 99760 | D:8      | HP: 6/137 [demonspawn warmonger/bolt (22)]
 99763 | D:7      | Blown up by a cacodemon

Illustrated notes

Levels and vault maps discovered:
D:1:      sevenhm_arrival_forest_fort_large_4, layout_basic,
          shapermc_ecumenical_altar_acropolis, minmay_surrounded
D:2:      layout_rooms, nicolae_elevator_lobby_asterisk
D:3:      wad_crossroads, layout_loops_ring, grunt_temple_overflow_opulence,
          mainiacjoe_overflow_surrounded_room, overflow_temple_1_default,
          grunt_ministairs_14, st_stairs_6, grunt_decor_clamped,
          minmay_misc_feat_alley, uniq_robin
D:4:      layout_rooms, okawaru_trees_1, grunt_ministairs_5
D:5:      layout_loops_cross, uniq_grinder
D:6:      layout_loops_corners, mainiacjoe_overflow_swirl,
          lemuel_temple_firewalk_b, ebering_ghost_sewer_f,
          minmay_manual_macuahuitl
D:7:      layout_loops_cross, mainiacjoe_overflow_alcove_4, minivault_23,
          uniq_pikel
D:8:      layout_rooms, general_overflow_altar, david_lair_generic, uniq_maggie,
          uniq_prince_ribbit1, uniq_grum
D:9:      layout_irregular_city, lemuel_round_altar, ebering_ghost_disaster_area
D:10:     layout_rooms, mainiacjoe_overflow_concentric_impassable, zin_statuary,
          mainiacjoe_overflow_chevrons, david_orc_2, st_stairs_11
D:11:     layout_basic, serial_corexii_hall, corexii_hall_statues_i,
          corexii_hall_statues_l, corexii_hall_statues_x,
          chequers_hall_statues_wall_a, chequers_hall_statues_wall_a,
          corexii_hall_statues_l
D:12:     layout_roguey, minivault_20
D:13:     layout_layer_cave, ximxim_vaults_locker_room,
          portal_ice_cave_demonic_guard, uniq_frances
D:14:     layout_rooms, gauntlet_entry_generic, minmay_hedge_maze, serial_shops,
          shop
D:15:     grunt_enter_depths_magical_seal, layout_rooms, grunt_decor_resistance,
          minmay_more_statues
Temple:   compressed_dpeg_triangle_lava_temple
Lair:1:   layout_cave_shapes, grunt_forest_large_clearings, grunt_megastairs_4,
          serial_bayou_shore_a, lemuel_fruit_fields, uniq_joseph
Lair:2:   layout_cave_shapes, minmay_swamp_entry_reptiles, spider_nest_entry_a,
          minivault_25
Lair:3:   layout_roguey, pond
Lair:4:   layout_gridlike
Lair:5:   dreamdust_isle_of_ice, layout_cave_pods, slime_dummy, dpeg_oklob_1
Lair:6:   hangedman_lair_caniforms_friends, layout_concentric_octagons,
          wormcave, uniq_josephine
Swamp:1:  layout_basic_swamp, nicolae_swamp_fairy_circle, swamp_pool4
Swamp:2:  layout_basic_swamp, evilmike_swamp_ruin_house_1,
          infiniplex_staircase_pool
Swamp:3:  layout_basic_swamp, nicolae_swamp_well_well_well,
          infiniplex_staircase_pool_2, uniq_bai_suzhen
Swamp:4:  grunt_swamp_rune_castle, layout_basic_swamp
Spider:1: nicolae_spider_hilbert_zone_5 [nicolae_spider_hilbert_3_sides_1_open,
          nicolae_spider_hilbert_4_sides_1_open,
          nicolae_spider_hilbert_4_sides_1_open,
          nicolae_spider_hilbert_6_sides_1_open,
          nicolae_spider_hilbert_6_sides_1_open], guppyfry_spider_mini_2,
          uniq_mlioglotl
Spider:2: nicolae_spider_corner, nicolae_spider_jagged_tunnels
Spider:3: layout_chambers
Spider:4: guppyfry_spider_rune, hive_lemuel, uniq_donald
Slime:1:  layout_caves
Slime:2:  cheibrodos_slime_lost_civilization_9, layout_caves
Slime:3:  layout_caves, basic_altar
Slime:4:  layout_caves, basic_altar
Slime:5
Orc:1:    layout_caves, serial_shops, nicolae_shop_bloodbath_and_beyond,
          enter_volcano_1, uniq_jorgrun, uniq_harold, uniq_erolcha, uniq_fannar
Orc:2:    kennysheep_orc_mage_school, layout_diamond_mine, ebering_ghost_xom,
          basic_altar, serial_shops, nicolae_shop_crystal
Elf:1:    minmay_elf_arrival_plus, layout_onion_city, minmay_elf_necromancy
Elf:2:    nicolae_elf_blades_splatter_lattice
          [nicolae_blade_entry_crossed_weapons], layout_geoelf_grid,
          serial_shops, nicolae_shop_hallway_stairs, serial_sigils,
          serial_sigils_hangedman_writhe, serial_sigils_hangedman_scratch
Elf:3:    minmay_elf_hall_golems, layout_geoelf_diagonals, serial_shops,
          bzr_entry_gold, basic_altar
Vaults:1: portal_desolation_entry_nicolae_slug, st_more_cells,
          nicolae_vaults_network_periphery, hangedman_vaults_nodes, v_misc_3,
          ontoclasm_vaults_spin, vaults_dpeg_cross, v_alt_pattern_4, v_misc_14,
          v_misc_12, ontoclasm_vaults_gateway, vaults_room_grunt_arrival_ludios,
          vaults_room_fancy_cross, layout_vaults_omnibox, serial_shops, shop
Vaults:2: v_misc_2, v_alt_pattern_6, vaults_mumra_hexcomb,
          ontoclasm_vaults_claustrophobia, hangedman_vaults_cutoff, st_star,
          minmay_crypt_entry_simple_statues, ontoclasm_vaults_idyll,
          v_pattern_2, v_misc_2, layout_vaults_omnicross, uniq_asterion
Vaults:3: hangedman_vaults_corner, vaults_dpeg_diagonal, v_misc_19, v_rooms_3,
          nicolae_vaults_murderbox, ontoclasm_vaults_decontamination,
          grunt_vaults_focal, ontoclasm_vaults_ring_large, v_misc_18,
          layout_vaults_omnigrid, uniq_xtahua
Vaults:4: v_pattern_3, hangedman_vaults_trim, vaults_room_pools, v_misc_23,
          ontoclasm_vaults_shuriken, v_misc_8, vaults_room_glass_cross,
          v_misc_29, ontoclasm_vaults_eye, layout_vaults_maze_snakey,
          serial_shops, shop
Vaults:5
Depths:1: layout_cave_pools, minmay_misc_feat_plants, serial_shops,
          kennysheep_little_box, hangedman_geh_valley, bh_walls_and_bars
Depths:2: minmay_slanted_spiral_squares, layout_gridlike, enter_ziggurat_a,
          abyss_entry, rand_demon_pan_entry_1, trove_entry_hex_spiral,
          grunt_hell_entry_dis_grunt
Depths:3: minmay_shrinking_squares, layout_gridlike, serial_shops, statue_bzr,
          rand_demon_pan_entry_7, serial_rivers, chequers_serial_rivers_small_a,
          chequers_serial_rivers_micro_e, chequers_serial_rivers_marsh,
          chequers_serial_rivers_micro_e, abyss_entry, hell_entry,
          chequers_serial_rivers_room_b, minmay_shoptagon, uniq_mara
Depths:4: grunt_x_marks_the_spot, layout_gridville, hangedman_abyss_entry_splay,
          nicolae_qazlal_style_of_elements, hell_entry
Hell
Zot:1:    layout_onion, hangedman_player_shredder
Zot:2:    layout_misc_corridors, ebering_ghost_rock_garden, st_stairs_9
Zot:3:    grunt_zot_stairs_faceoff, layout_gridlike, bh_zot_levy_curve
Zot:4:    layout_cellular_growth, lemuel_lake_of_fire
Zot:5:    layout_cellular_growth

Skill      XL: |  1  2  3  4  5  6  7  8  9 10 11 12 13 14 15 16 17 18 19 20 21 22 23 24 25 26 27 |
---------------+----------------------------------------------------------------------------------+-----
Maces & Flails | 3 4 5 6 7 9 11 12 13 14 15 16 18 | 18.0
Armour         | 2 5 6 7 9 10 13 14 15 17 18 19 20 | 20.0
Fighting       | 3 5 7 9 10 11 14 15 17 19 20 21 22 23 24 25 26 | 26.9
Shields        | 1 5 7 9 11 13 14 15 16 17 18 20 | 20.0
Invocations    | 1 3 5 6 8 10 13 14 16 18 | 18.4
Dodging        | 2 4 5 7 8 9 10 | 10.0
Crossbows      | 6 9 10 13 | 13.1
Evocations     | 4 5 7 10 12 14 15 16 17 | 17.0
Stealth        | 6 10 14 16 17 18 | 18.0
Conjurations   | 4 |  4.9
Translocations | 4 5 8 |  8.5
Throwing       | 5 10 | 10.7
Axes           | 5 |  5.6
Spellcasting   | |  2.0

Action                   |  1- 3 |  4- 6 |  7- 9 | 10-12 | 13-15 | 16-18 | 19-21 | 22-24 | 25-27 || total
-------------------------+-------+-------+-------+-------+-------+-------+-------+-------+-------++-------
Melee: Mace              |   136 |    84 |   105 |       |       |       |       |       |       ||   325
       Short sword       |       |       |   160 |       |       |       |       |       |       ||   160
       Whip              |       |       |    27 |  1092 |  2270 |   959 |       |       |       ||  4348
       Morningstar       |       |       |       |    10 |     5 |  1254 |  2210 |  3012 |   599 ||  7090
       Eveningstar       |       |       |       |       |       |    69 |       |     8 |  1982 ||  2059
       Headbutt          |       |       |       |       |       |       |       |   550 |   654 ||  1204
       Broad axe         |       |       |       |       |       |       |       |       |    15 ||    15
       War axe           |       |       |       |       |       |       |       |       |    34 ||    34
       Unarmed           |       |       |       |       |       |       |       |       |     5 ||     5
 Fire: Hand crossbow     |       |       |       |    10 |   268 |   102 |    55 |   157 |     7 ||   599
Throw: Boomerang         |       |     1 |     1 |       |       |     2 |       |       |       ||     4
       Dart              |       |       |    38 |    42 |    53 |     4 |    14 |       |     2 ||   153
       Stone             |       |       |     3 |       |       |       |       |       |       ||     3
       Throwing net      |       |       |       |       |     1 |       |     1 |       |       ||     2
       Javelin           |       |       |       |       |       |       |       |       |    10 ||    10
 Cast: Sandblast         |       |     6 |       |     3 |       |       |       |       |       ||     9
       Blink             |       |       |     7 |       |     2 |     2 |     2 |       |     3 ||    16
Invok: Heroism           |       |       |     2 |    12 |     5 |     1 |       |     1 |     2 ||    23
       Finesse           |       |       |       |       |     8 |     7 |     2 |     4 |    17 ||    38
       Duel              |       |       |       |       |       |       |       |     1 |     1 ||     2
Evoke: Wand              |       |     9 |     8 |     1 |       |     4 |     8 |    18 |     9 ||    57
       Condenser vane    |       |       |       |       |       |     1 |     1 |     2 |     4 ||     8
       Phial of floods   |       |       |       |       |       |     1 |     1 |       |     2 ||     4
       Lightning rod     |       |       |       |       |       |       |       |     4 |       ||     4
       Tin of tremorston |       |       |       |       |       |       |       |       |    10 ||    10
  Use: Scroll            |       |     2 |     9 |     6 |    10 |     9 |     1 |    18 |    35 ||    90
       Potion            |       |     2 |     1 |       |     4 |     2 |       |    11 |    15 ||    35
 Stab: Sleeping          |       |     1 |       |       |       |       |     7 |     7 |       ||    15
       Petrified         |       |       |       |       |     3 |       |       |       |       ||     3
       Held in net/web   |       |       |       |       |     3 |       |       |       |       ||     3
       Petrifying        |       |       |       |       |       |     1 |       |       |       ||     1
       Confused          |       |       |       |       |       |       |     1 |       |       ||     1
       Distracted        |       |       |       |       |       |       |     1 |     3 |    11 ||    15
       Fleeing           |       |       |       |       |       |       |       |     1 |       ||     1
Armor: Leather armour    |    60 |    37 |   143 |    23 |       |       |       |       |       ||   263
       Steam dragon scal |       |       |       |   210 |       |       |       |       |       ||   210
       Troll leather arm |       |       |       |   141 |   523 |   489 |       |       |       ||  1153
       Scale mail        |       |       |       |       |       |   320 |  1356 |   145 |       ||  1821
       Gold dragon scale |       |       |       |       |       |       |       |  1523 |  1548 ||  3071
Dodge: Dodged            |   114 |    56 |   153 |   401 |   519 |   681 |   880 |   442 |   398 ||  3644
Block: Kite shield       |       |       |    56 |   511 |  1285 |  1477 |  1943 |  2926 |  2458 || 10656

Table legend: (Time is in decaauts)
 A = Elapsed time spent in this place.
 B = Non-inter-level travel time spent in this place.
 C = Inter-level travel time spent in this place.
 D = Time resting spent in this place.
 E = Time spent auto-exploring this place.
 F = Levels seen in this place.
 G = Mean time per level.
                   A        B        C        D        E       F      G
               +--------+--------+--------+--------+--------+-----+--------+
         Total |  95754 |  87785 |   7969 |  23421 |  41920 |  66 | 1450.8 |
       Dungeon |  20752 |  17338 |   3414 |   3407 |   9629 |  15 | 1383.5 |
        Temple |    296 |    277 |     19 |      0 |    256 |   1 |  296.0 |
          Lair |   8922 |   7988 |    934 |    751 |   4432 |   6 | 1487.0 |
         Swamp |   5205 |   4942 |    263 |   1500 |   2427 |   4 | 1301.2 |
   Spider Nest |   7209 |   6928 |    281 |   1351 |   3922 |   4 | 1802.2 |
    Slime Pits |   3906 |   3791 |    115 |   2313 |    554 |   5 |  781.2 |
  Orcish Mines |   2961 |   2715 |    246 |    368 |   1579 |   2 | 1480.5 |
   Elven Halls |   6467 |   6194 |    273 |   1631 |   2883 |   3 | 2155.7 |
        Vaults |  12119 |  11152 |    967 |   2471 |   6066 |   5 | 2423.8 |
        Depths |   9674 |   9089 |    585 |   3874 |   3587 |   4 | 2418.5 |
          Hell |    364 |    355 |      9 |      0 |     85 |   1 |  364.0 |
           Zot |  12806 |  11948 |    858 |   4387 |   5113 |   5 | 2561.2 |
         Abyss |   1150 |   1150 |      0 |    198 |    150 |   4 |  287.5 |
        Bazaar |    206 |    206 |      0 |      0 |     75 |   1 |  206.0 |
         Trove |     35 |     35 |      0 |      0 |      2 |   1 |   35.0 |
      Ice Cave |    483 |    483 |      0 |     28 |    169 |   1 |  483.0 |
    Desolation |   2677 |   2677 |      0 |   1101 |    820 |   1 | 2677.0 |
      Gauntlet |    469 |    469 |      0 |     14 |    170 |   1 |  469.0 |
         Arena |     44 |     44 |      0 |     22 |      0 |   2 |   22.0 |
               +--------+--------+--------+--------+--------+-----+--------+

Top non-repeatable levels by time:
   Elf:3: 3581 daAuts
   Zot:1: 3343 daAuts
   Zot:5: 3332 daAuts
Depths:1: 3208 daAuts
     D:5: 2804 daAuts
Desolation: 2677 daAuts
   Zot:3: 2645 daAuts
 Slime:4: 2604 daAuts
Vaults:3: 2571 daAuts
Depths:3: 2535 daAuts
Vaults:4: 2522 daAuts
Vaults:1: 2456 daAuts
Vaults:2: 2324 daAuts
Depths:4: 2253 daAuts
Vaults:5: 2244 daAuts
